 Dungeon Crawl Stone Soup version 0.27-a0-1140-g099f9bb0e8 (webtiles) character file.

Game seed: 11573189471388738892

176 polve the Cutter (level 5, 0/38 HPs)
             Began as a Demonspawn Gladiator on May 8, 2021.
             Slain by an orc
             ... wielding a +0 dagger
              (3 damage)
             ... on level 4 of the Dungeon.
             The game lasted 00:01:40 (2944 turns).

polve the Cutter (Demonspawn Gladiator)             Turns: 2944, Time: 00:01:41

Health: 0/38       AC:  4    Str: 16    XL:     5   Next: 30%
Magic:  5/5        EV: 12    Int:  9    God:
Gold:   74         SH:  0    Dex: 14    Spells: 4/4 levels left

rFire    . . .     SeeInvis .   a - +0 rapier
rCold    . . .     Faith    .   (no shield)
rNeg     . . .     Spirit   .   b - +0 leather armour
rPois    .         Reflect  .   c - +0 helmet
rElec    .         Harm     .   (no cloak)
rCorr    .         Rampage  .   (no gloves)
Will     .....                  (no boots)
Stlth    +.........             (no amulet)
HPRegen  0.12/turn              (no ring)
MPRegen  0.09/turn              (no ring)

@: no status effects
A: hooves 1
a: no special abilities


You were on level 4 of the Dungeon.
You visited 1 branch of the dungeon, and saw 4 of its levels.

You collected 74 gold pieces.

Inventory:

Hand Weapons
 a - a +0 rapier (weapon)
Missiles
 d - 3 throwing nets (quivered)
Armour
 b - a +0 leather armour (worn)
 c - a +0 helmet (worn)
Scrolls
 e - 2 scrolls of identify {unknown}
 g - a scroll of immolation {unknown}
 i - a scroll of fog {unknown}
 j - a scroll of summoning {unknown}
 m - a scroll of fear {unknown}
Potions
 f - 3 potions of heal wounds {unknown}
 h - 3 potions of invisibility {unknown}
 k - a potion of attraction {unknown}
 l - a potion of curing {unknown}


   Skills:
 - Level 2.0 Fighting
 - Level 4.0 Short Blades
 - Level 1.7 Throwing
 + Level 3.5 Armour
 - Level 2.6 Dodging


You had 4 spell levels left.
You didn't know any spells.
Your spell library contained the following spells:

 Spells                   Type           Power      Damage    Failure   Level
 Shock                    Conj/Air       0%         1d3       43%         1
 Static Discharge         Conj/Air       0%         N/A       58%         2
 Swiftness                Air            0%         N/A       82%         3
 Airstrike                Air            0%         N/A       99%         4
 Lightning Bolt           Conj/Air       0%         1d11      100%        5


Dungeon Overview and Level Annotations

Branches:
Dungeon (4/15)
 Temple: D:4-7

Altars:
Sif Muna
The Shining One


Innate Abilities, Weirdness & Mutations

You have large cloven feet.


Message History

You are too injured to fight recklessly!
You are too injured to fight recklessly!
You are too injured to fight recklessly!
An orc comes into view. It is wielding a +0 dagger.
The orc shouts!
The orc priest looks satisfied for a moment.
The orc priest hits you with a +0 whip.
You hit the orc priest. Your kick misses the orc priest.
The orc priest is moderately wounded.
The orc priest hits you with a +0 whip.
You puncture the orc priest!
The orc priest is almost dead.
The orc priest hits you with a +0 whip.
You hit the orc priest but do no damage.
The orc priest is almost dead.
The orc priest hits you but does no damage.
Your leather armour prevents you from hitting the orc priest.
Your kick misses the orc priest.
The orc priest is almost dead.
The orc priest barely misses you.
You hit the orc priest but do no damage.
The orc priest is almost dead.
The orc priest hits you with a +0 whip.
You barely miss the orc priest.
The orc priest is almost dead.
The orc priest hits you with a +0 whip.
* * * LOW HITPOINT WARNING * * *
You barely miss the orc priest. You kick the orc priest.
You kill the orc priest!
You barely miss the orc. The orc hits you with a +0 dagger.
* * * LOW HITPOINT WARNING * * *
You hit the orc but do no damage. The orc misses you.
You hit the orc.
The orc is moderately wounded.
The orc hits you with a +0 dagger.
* * * LOW HITPOINT WARNING * * *
You hit the orc but do no damage. Your kick misses the orc.
The orc is moderately wounded.
The orc hits you with a +0 dagger.
You die...

......<.......
..........##.#
........#.# ###
.............. ...
.....#.>#..... ..#
#...##..####.#
#.#.# ##.###..#
#.#.#.#.# #......#
#.#.#o#.# #####..#
#.#.#@#.#
#..####.#.#.#.####.
#.............:....
#.........#.#.###..
##............#
#.####.###.### ...#
#.###.#
########.....#
.......).#####


You could see an orc.

Vanquished Creatures
  A jelly (D:4)
  An orc priest (D:4)
  An iguana (D:4)
  A hound skeleton (D:4)
  An adder (D:3)
  3 dart slugs (D:2)
  An orc (D:3)
  10 ball pythons
  3 endoplasms
  A giant cockroach (D:3)
  4 goblins
  7 hobgoblins
  7 jackals (D:2)
  6 kobolds
  A quokka (D:1)
  6 bats
  4 frilled lizards
  6 rats
64 creatures vanquished.

Notes
Turn   | Place    | Note
-------+----------+-------------------------------------------
     0 | D:1      | polve the Demonspawn Gladiator began the quest for the Orb.
     0 | D:1      | Reached XP level 1. HP: 16/16 MP: 1/1
   142 | D:1      | Reached skill level 3 in Short Blades
   194 | D:1      | Gained mutation: You have large cloven feet. [demonic
                  | ancestry]
   194 | D:1      | Reached XP level 2. HP: 6/22 MP: 2/2
   537 | D:1      | Found a faded altar of an unknown god.
  1282 | D:2      | Reached XP level 3. HP: 27/27 MP: 3/3
  1381 | D:2      | Reached skill level 4 in Short Blades
  1773 | D:2      | Reached skill level 1 in Armour
  2149 | D:3      | Reached XP level 4. HP: 20/33 MP: 4/4
  2476 | D:3      | Found a shimmering blue altar of Sif Muna.
  2701 | D:4      | Reached XP level 5. HP: 15/38 MP: 5/5
  2944 | D:4      | Slain by an orc

Illustrated notes

Levels and vault maps discovered:
D:1:      minmay_arrival_cross, layout_basic, serial_glass, glass_columns_c,
          glass_columns_c, glass_columns_a, glass_columns_c, glass_columns_a,
          glass_columns_c, glass_columns_a, glass_columns_a, glass_columns_c,
          glass_columns_b, ebering_ecumenical_altar_mist, hangedman_decor_points
D:2:      layout_loops_corners
D:3:      layout_rooms, amethyst_overflow_temple_binary
D:4:      layout_loops_ring, uniq_grinder, uniq_crazy_yiuf_cottage

Skill      XL: |  1  2  3  4 |
---------------+-------------+-----
Short Blades   | 3 4 |  4.0
Armour         | 1 3 |  3.5
Fighting       | |  2.0
Throwing       | |  1.7
Dodging        | |  2.6

Action                   |  1- 3 |  4- 6 || total
-------------------------+-------+-------++-------
Melee: Rapier            |   119 |    48 ||   167
       Kick              |    21 |     9 ||    30
 Stab: Sleeping          |     1 |       ||     1
Armor: Leather armour    |    28 |     5 ||    33
Dodge: Dodged            |   104 |    30 ||   134

Table legend: (Time is in decaauts)
 A = Elapsed time spent in this place.
 B = Non-inter-level travel time spent in this place.
 C = Inter-level travel time spent in this place.
 D = Time resting spent in this place.
 E = Time spent auto-exploring this place.
 F = Levels seen in this place.
 G = Mean time per level.
                   A        B        C        D        E       F      G
               +--------+--------+--------+--------+--------+-----+--------+
         Total |   2945 |   2882 |     63 |      0 |   2495 |   4 |  736.2 |
       Dungeon |   2945 |   2882 |     63 |      0 |   2495 |   4 |  736.2 |
               +--------+--------+--------+--------+--------+-----+--------+

Top non-repeatable levels by time:
     D:1: 1077 daAuts
     D:2: 959 daAuts
     D:3: 594 daAuts
     D:4: 313 daAuts
